 Dungeon Crawl Stone Soup version 0.22-a0-254-gaf95ca0 (webtiles) character file.

585 RoseArtemis the Cudgeler (level 7, -3/63 HPs)
             Began as a Minotaur Fighter on Mar 4, 2018.
             Slain by a two-headed ogre
             ... wielding a +0 giant club
              (15 damage)
             ... on level 4 of the Dungeon.
             The game lasted 00:13:19 (4256 turns).

RoseArtemis the Cudgeler (Minotaur Fighter)         Turns: 4256, Time: 00:13:19

Health: -3/63      AC: 14    Str: 28    XL:     7   Next: 15%
Magic:  6/6        EV:  5    Int:  5    God:
Gold:   282        SH: 10    Dex:  9    Spells: 6/6 levels left

rFire    . . .     SeeInvis .   a - +3 mace
rCold    . . .     Gourm    .   c - +0 shield
rNeg     . . .     Faith    .   m - +0 plate armour
rPois    .         Spirit   .   t - +2 hat
rElec    .         Reflect  .   (no cloak)
rCorr    .         Harm     .   (no gloves)
MR       .....                  (no boots)
Stlth    ..........             (no amulet)
HPRegen  0.20/turn              (no ring)
MPRegen  0.10/turn              (no ring)

@: mighty, very slightly contaminated
A: retaliatory headbutt, horns 2
a: no special abilities


You were on level 4 of the Dungeon.
You were not hungry.

You visited 1 branch of the dungeon, and saw 5 of its levels.

You collected 282 gold pieces.

Inventory:

Hand Weapons
 a - a +3 mace (weapon)
 w - a +0 hand crossbow
Missiles
 j - 8 curare-tipped needles
 q - a throwing net (quivered)
 y - 17 bolts
Armour
 c - a +0 shield (worn)
 m - a +0 plate armour (worn)
 t - a +2 hat (worn)
Jewellery
 A - an uncursed ring of flight {unknown}
 B - a cursed ring of loudness {unknown}
Wands
 x - a wand of polymorph (11)
Scrolls
 b - 2 scrolls of blinking {unknown}
 g - a scroll of magic mapping
 h - a scroll of fear {unknown}
 k - a scroll of fog {unknown}
 l - a scroll of enchant weapon
 n - a scroll of amnesia {unknown}
 o - 3 scrolls of teleportation
 v - 3 scrolls of remove curse
Potions
 i - a potion of agility
 p - a potion of ambrosia
 r - a potion of lignification {unknown}
 s - 2 potions of curing
 u - a potion of magic {unknown}
Comestibles
 f - 4 rations
 z - 3 chunks of flesh


   Skills:
 - Level 6.0 Fighting
 * Level 7.3 Maces & Flails
 + Level 5.1 Armour
 - Level 3.6 Shields


You had 6 spell levels left.
You didn't know any spells.

Dungeon Overview and Level Annotations

Branches:
Dungeon (5/15)             Temple (0/1) D:5

Altars:
Makhleb

Shops:
D:4 [


Innate Abilities, Weirdness & Mutations

You reflexively headbutt those who attack you in melee.
You have a pair of horns on your head.


Message History

There is a stone staircase leading down here.
You feel better.
You feel a little less agile now.
You feel very mighty all of a sudden.
The two-headed ogre hits you with a giant club.
* * * LOW HITPOINT WARNING * * *
You block the two-headed ogre's attack.
You closely miss the two-headed ogre. You headbutt the two-headed ogre!
The two-headed ogre is lightly wounded.
You block the two-headed ogre's attack.
The two-headed ogre hits you with a giant club.
* * * LOW HITPOINT WARNING * * *
You sock the two-headed ogre! You headbutt the two-headed ogre!
The two-headed ogre is heavily wounded.
You block the two-headed ogre's attack.
The two-headed ogre hits you but does no damage.
You thump the two-headed ogre!
The two-headed ogre is heavily wounded.
The two-headed ogre hits you with a giant club!
You die...

##### #...#######
#######.........#
#....[......###.##
#@######.##.###...
#O# #.##.......
#.# ##.#########
#.# ##...########
#.# ##.###.#......
##.###.##
##[.##### #......#
#..# #..###.##
##..# #..#
##.###.#.#


You could see a two-headed ogre.

Vanquished Creatures
  Blork the orc (D:4)
  3 hounds (D:4)
  Crazy Yiuf (D:2)
  3 centaur skeletons
  2 bullfrog skeletons
  Jessica (D:3)
  3 worker ants (D:4)
  4 gnolls (D:2)
  4 adders
  A shadow imp (D:5)
  An ooze (D:1)
  A worm (D:5)
  A leopard gecko (D:4)
  3 orcs
  A ball python (D:1)
  3 bats
  A giant cockroach (D:1)
  7 goblins
  4 hobgoblins
  8 jackals (D:5)
  3 quokkas
  6 frilled lizards
  4 kobolds
  A leopard gecko skeleton (D:4)
  21 rats
  A fungus (D:2)
89 creatures vanquished.

Notes
Turn   | Place    | Note
-------+----------+-------------------------------------------
     0 | D:1      | RoseArtemis the Minotaur Fighter began the quest for the Orb.
     0 | D:1      | Reached XP level 1. HP: 19/19 MP: 0/0
    92 | D:1      | Reached skill level 3 in Maces & Flails
    92 | D:1      | Reached XP level 2. HP: 25/27 MP: 1/1
  1212 | D:1      | Reached XP level 3. HP: 30/33 MP: 2/2
  1671 | D:2      | Reached skill level 4 in Maces & Flails
  1675 | D:2      | Reached XP level 4. HP: 26/40 MP: 3/3
  2347 | D:2      | Found a runed door.
  2351 | D:2      | Noticed Crazy Yiuf
  2356 | D:2      | Killed Crazy Yiuf
  2459 | D:3      | Found a faded altar of an unknown god.
  2764 | D:3      | Noticed Jessica
  2772 | D:3      | Reached XP level 5. HP: 47/47 MP: 4/4
  2778 | D:3      | Killed Jessica
  2778 | D:3      | Reached skill level 5 in Maces & Flails
  3198 | D:4      | Reached skill level 5 in Fighting
  3198 | D:4      | Reached skill level 5 in Armour
  3258 | D:4      | Found a burning altar of Makhleb.
  3349 | D:4      | Reached XP level 6. HP: 56/56 MP: 5/5
  3373 | D:4      | Reached skill level 6 in Maces & Flails
  3430 | D:4      | Noticed Blork the orc
  3442 | D:4      | Killed Blork the orc
  3656 | D:4      | Found Sisosico's Antique Armour Shop.
  3918 | D:5      | Entered Level 5 of the Dungeon
  4017 | D:5      | Reached skill level 7 in Maces & Flails
  4022 | D:5      | Found a staircase to the Ecumenical Temple.
  4057 | D:5      | Reached XP level 7. HP: 62/62 MP: 6/6
  4201 | D:5      | Noticed a two-headed ogre
  4256 | D:4      | Slain by a two-headed ogre

Vault maps used:
D:1:      erik_arrival_orb_chamber, serial_forest, infiniplex_forest_end_1,
          infiniplex_forest_clump_long, infiniplex_forest_clump_small,
          infiniplex_forest_lined_3_way, infiniplex_forest_3_way,
          infiniplex_forest_lined_3, infiniplex_forest_clump_long,
          infiniplex_forest_clump_small, infiniplex_forest_straight_2,
          minmay_distorted
D:2:      uniq_crazy_yiuf_cottage
D:3:      chequers_ecumenical_altar_simple, kennysheep_generic_room_10,
          uniq_jessica
D:4:      serial_shops, nicolae_shop_trees, makhleb_blood_cavern_becter,
          uniq_blork_the_orc
D:5:      minmay_temple_entry_grid, first_ration, kennysheep_generic_room_5

Skill      XL: |  1  2  3  4  5  6  7 |
---------------+----------------------+-----
Maces & Flails | 3 4 5 7 |  7.3
Armour         | 4 5 |  5.1
Fighting       | 4 5 6 |  6.0
Shields        | |  3.6

Action                   |  1- 3 |  4- 6 |  7- 9 || total
-------------------------+-------+-------+-------++-------
Melee: Flail             |   100 |    21 |       ||   121
       Headbutt          |    13 |    21 |     6 ||    40
       Mace              |       |   119 |    19 ||   138
  Use: Scroll            |     3 |     8 |       ||    11
       Potion            |       |       |     4 ||     4
  Eat: Chunk             |     2 |     8 |     1 ||    11
Armor: Scale mail        |    19 |       |       ||    19
       Plate armour      |    20 |    68 |    10 ||    98
Dodge: Dodged            |    22 |    18 |     4 ||    44
Block: Shield            |    41 |    69 |     5 ||   115

Table legend:
 A = Spawn XP
 B = Non-spawn XP
 C = Spawn XP percentage of total XP
 D = Spawn monster count
 E = Non-spawn monster count
 F = Spawn count percentage of total count
 G = Total turns spent on level
                    A         B        C        D         E        F      G
               +---------+---------+-------+---------+---------+-------+---------
         Total |       0 |     837 |   0.0 |       0 |      88 |   0.0 |  4256
               +---------+---------+-------+---------+---------+-------+---------
           D:1 |       0 |      41 |   0.0 |       0 |      28 |   0.0 |  1354
           D:2 |       0 |     139 |   0.0 |       0 |      15 |   0.0 |  1106
           D:3 |       0 |      60 |   0.0 |       0 |      16 |   0.0 |   575
           D:4 |       0 |     428 |   0.0 |       0 |      14 |   0.0 |   888
           D:5 |       0 |     169 |   0.0 |       0 |      15 |   0.0 |   333
               +---------+---------+-------+---------+---------+-------+---------
